 Dungeon Crawl Stone Soup version 0.30-a0-840-ga523dec638 (webtiles) character file.

Game seed: 11846919348245907564

2278 jimonade the Thaumaturge (level 9, -1/61 HPs)
             Began as a Djinni Warper on Mar 1, 2023.
             Was an Initiate of Makhleb.
             Slain by a bullfrog (7 damage)
             ... on level 6 of the Dungeon.
             The game lasted 00:20:09 (7114 turns).

jimonade the Thaumaturge (Djinni Warper)            Turns: 7114, Time: 00:20:10

Health: -1/61      AC:  7    Str: 14    XL:     9   Next: 66%
Gold:   475        EV: 17    Int: 14    God:    Makhleb [......] SH:  0 Dex: 14

rFire   + + +      SeeInvis .    a - +2 flail (freeze)
rCold   x . .      Faith    .    (no shield)
rNeg    . . .      Spirit   .    b - +0 leather armour
rPois   ∞          Reflect  .    r - +0 helmet
rElec   .          Harm     .    k - +0 cloak
rCorr   .          Rampage  .    f - +0 pair of gloves
Will    .....                    (boots unavailable)
Stlth   +                        (no amulet)
HPRegen 0.30/turn                J - ring "Sievosh" {rC+ EV+5}
MPRegen 0.00/turn                z - ring of fire

@: flying
A: sickness immunity, fire resistance 2, cold vulnerability 1, float, innate
caster, HP casting, extra vitality 1
a: Renounce Religion


You were on level 6 of the Dungeon.
You worshipped Makhleb.
Makhleb was noncommittal.
You visited 2 branches of the dungeon, and saw 8 of its levels.

You collected 475 gold pieces.

Inventory:

Hand Weapons
 a - a +2 flail of freezing (weapon)
 y - a +0 whip
 H - a +0 mace
 L - a +0 short sword of venom
 R - a +0 morningstar
Missiles
 d - 10 boomerangs of dispersal
 e - 80 stones
 q - 2 boomerangs
 C - 18 poisoned darts
 F - 6 javelins
 M - 5 silver javelins
Armour
 b - a +0 leather armour (worn)
 f - a +0 pair of gloves (worn)
 k - a +0 cloak (worn)
 p - a +0 ring mail
 r - a +0 helmet (worn)
 v - a +0 chain mail
Magical Staves
 D - a staff of cold
Jewellery
 i - a ring of resist corrosion
 z - a ring of fire (right hand)
 J - the ring "Sievosh" (left hand) {rC+ EV+5}
   (You found it on level 4 of the Dungeon)

   [ring of evasion]

   EV:        It affects your evasion (+5).
   rC:        It protects you from cold.
Wands
 A - a wand of digging (5)
 E - a wand of flame (17)
 P - a wand of charming (9)
Scrolls
 c - a scroll of blinking
 g - 6 scrolls of identify {unknown}
 l - a scroll of brand weapon {unknown}
 n - 3 scrolls of enchant armour {unknown}
 w - a scroll of poison {unknown}
 x - a scroll of fog {unknown}
 I - a scroll of noise {unknown}
 K - a scroll of fear {unknown}
 O - a scroll of magic mapping {unknown}
 Q - a scroll of vulnerability {unknown}
Potions
 h - a potion of mutation {unknown}
 j - 2 potions of heal wounds {unknown}
 m - 2 potions of magic {unknown}
 o - 3 potions of haste {unknown}
 s - 4 potions of lignification {unknown}
 t - 7 potions of curing {unknown}
 u - a potion of might {unknown}
 B - 2 potions of attraction {unknown}
 G - 3 potions of ambrosia {unknown}
 N - a potion of cancellation {unknown}


   Skills:
 + Level 3.6 Fighting
 + Level 3.6 Maces & Flails
 - Level 0.7 Throwing
 + Level 3.8 Armour
 + Level 3.5 Dodging
 * Level 8.2 Spellcasting


You knew the following spells:

 Your Spells              Type           Power      Damage    Failure   Level
a - Blink                 Tloc           56%        N/A       1%          2
b - Lesser Beckoning      Tloc           56%        N/A       1%          2
c - Vhi's Electric Charg  Tloc/Air       56%        N/A       1%          3
d - Teleport Other        Tloc           28%        N/A       1%          3
e - Manifold Assault      Tloc           28%        N/A       5%          4
f - Kiss of Death         Conj/Necr      100%       2d13      1%          1
g - Scorch                Fire           86%        2d9       1%          2
h - Call Canine Familiar  Summ           28%        N/A       1%          3
i - Passage of Golubria   Tloc           28%        N/A       5%          4
Your spell library was empty.

Dungeon Overview and Level Annotations

Branches:
Dungeon (7/15)             Temple (1/1) D:7

Altars:
Ashenzari
Elyvilon
Gozag
Hepliaklqana
Makhleb
Ru
Trog
Uskayaw
Xom
Yredelemnul
Zin

Shops:
D:4 *


Innate Abilities, Weirdness & Mutations

You are immune to sickness and miasma.
You are immune to poison.
Your flesh is very heat resistant. (rF++)
You are vulnerable to cold. (rC-)
You float through the air rather than walking.
You learn spells naturally, not from books.
Your magical power is your life essence.
You have superior vitality. (+4 MHP)


Message History

The wight attacks as you move away! The wight misses you.
The wight attacks as you move away! The wight hits you with a +3 falchion!
* * * LOW HITPOINT WARNING * * *
The wight attacks as you move away! The wight closely misses you.
The orc warrior attacks as you move away!
The orc warrior hits you with a +0 hand axe!
* * * LOW HITPOINT WARNING * * *
Casting: Scorch (safe; 1% risk of failure)
Confirm with . or Enter, or press ? or * to list all spells.
You blink.
* * * LOW HITPOINT WARNING * * *
The orc warrior is no longer more vulnerable to fire.
You feel stable enough to blink again. The bullfrog hits you.
* * * LOW HITPOINT WARNING * * *
The bullfrog attacks as you move away! The bullfrog closely misses you.
The bullfrog completely misses you.
Okay, then.
The bullfrog attacks as you move away! The bullfrog completely misses you.
The bullfrog closely misses you. The bullfrog attacks as you move away!
The bullfrog closely misses you. The bullfrog attacks as you move away!
The bullfrog barely misses you. The bullfrog closely misses you.
Casting: Blink (safe; 1% risk of failure)
Confirm with . or Enter, or press ? or * to list all spells.
You blink.
* * * LOW HITPOINT WARNING * * *
The bullfrog closely misses you. The bullfrog misses you.
There is a stone staircase leading up here.
The bullfrog closely misses you.
You fly upwards.
You feel stable enough to blink again.
There is a stone staircase leading down here.
You closely miss the bullfrog.
The bullfrog hits you but does no damage.
The bullfrog closely misses you.
You hit the bullfrog. You freeze the bullfrog.
The bullfrog is lightly wounded.
The bullfrog hits you!
You die...

##.# #...###.# #........#.
##.#
#....##.#########..##....#.
#.#
#....##............#####.#.
#.#
####.#####...........###.#.
#.#
#.####..........#.......
##.#
#......)######..#####...
.#.#### #..####[# #..#
###... .#....# #..## #.#
#..# #.<..# .####.# #...#
#@# #..###.#... .# ##.##
#..## #F## #.........#
.###.#.###>.# #.[#
#.####.##.# ....###.....#
##.### #.####.##.#
..##.#.####.#
##...###......##.# ..###.##
#.####.....######..##.. <.#
#.# #..##.......# #..###.
..# #.# #..###.....## #..#
#. .##
#.#####...###...#######..#
#.


You could see a bullfrog.

Vanquished Creatures
  Grinder (D:5)
  Sigmund (D:5)
  2 water moccasins
  2 black bears
  An ice beast (D:5)
  2 phantoms
  4 necrophages
  3 scorpions
  3 wights
  2 vampire bats (D:6)
  2 howler monkeys
  3 orc priests
  A jelly (D:7)
  A hound (D:5)
  2 iguanas
  4 orc wizards
  4 gnolls
  3 adders (D:6)
  A white imp (D:6)
  4 worms
  9 orcs
  3 bats
  11 endoplasms
  4 giant cockroaches
  A hobgoblin (D:2)
  2 jackals (D:3)
  4 quokkas
  5 ball pythons
  3 frilled lizards
  8 goblins
  7 kobolds
  2 rats
105 creatures vanquished.

Vanquished Creatures (collateral kills)
  2 howler monkeys (D:7)
  An iguana (D:6)
  An orc wizard (D:7)
  An orc (D:6)
  2 bats (D:6)
7 creatures vanquished.

Vanquished Creatures (others)
  A fungus (D:7)
  3 toadstools (D:2)
4 creatures vanquished.

Grand Total: 116 creatures vanquished

Notes
Turn   | Place    | Note
-------+----------+-------------------------------------------
     0 | D:1      | jimonade the Djinni Warper began the quest for the Orb.
     0 | D:1      | jimonade set off with the following spells memorised:
                  | Blink, Lesser Beckoning, Vhi's Electric Charge, Teleport
                  | Other, Manifold Assault.
     0 | D:1      | Reached XP level 1. HP: 18/18 MP: 0/0
   201 | D:1      | Reached XP level 2. HP: 17/23 MP: 0/0
   916 | D:2      | Reached XP level 3. HP: 29/29 MP: 0/0
   916 | D:2      | Learned a level 1 spell: Kiss of Death
  1032 | D:2      | Found a faded altar of an unknown god.
  1131 | D:2      | You are sucked into a shaft and drop 1 floor!
  1817 | D:3      | Identified the +1 leather armour "Tyixkov" {rF- Dex+4}
  1977 | D:3      | Found a hide-covered altar of Uskayaw.
  2061 | D:3      | Reached XP level 4. HP: 20/34 MP: 0/0
  2602 | D:4      | Found Lasorgh's Assorted Antiques.
  3012 | D:4      | Identified the ring "Sievosh" {rC+ EV+5}
  3171 | D:4      | Reached skill level 3 in Spellcasting
  3171 | D:4      | Reached XP level 5. HP: 38/40 MP: 0/0
  3171 | D:4      | Learned a level 2 spell: Scorch
  3300 | D:4      | Found a broken altar of Ashenzari.
  3587 | D:5      | Entered Level 5 of the Dungeon
  3587 | D:5      | Noticed a water moccasin
  3606 | D:5      | Killed a water moccasin
  3607 | D:5      | Reached XP level 6. HP: 11/46 MP: 0/0
  3741 | D:5      | Noticed a water moccasin
  3765 | D:4      | Killed a water moccasin
  3990 | D:5      | Reached XP level 7. HP: 26/50 MP: 0/0
  3990 | D:5      | Learned a level 3 spell: Call Canine Familiar
  4170 | D:5      | Noticed Sigmund
  4180 | D:5      | Killed Sigmund
  4181 | D:5      | Reached skill level 4 in Spellcasting
  4534 | D:5      | Reached XP level 8. HP: 50/56 MP: 0/0
  4580 | D:5      | Noticed Grinder
  4815 | D:5      | Reached skill level 5 in Spellcasting
  5098 | D:5      | Killed Grinder
  5390 | D:5      | Found a bloodstained altar of Trog.
  5579 | D:6      | Reached skill level 6 in Spellcasting
  5709 | D:6      | Reached XP level 9. HP: 40/61 MP: 0/0
  5709 | D:6      | Learned a level 4 spell: Passage of Golubria
  6146 | D:6      | Reached skill level 7 in Spellcasting
  6698 | D:6      | Found a hazy altar of Hepliaklqana.
  6886 | D:7      | Found a staircase to the Ecumenical Temple.
  6895 | Temple   | Entered the Ecumenical Temple
  6895 | Temple   | Found a transporter.
  6895 | Temple   | Found a transporter.
  6897 | Temple   | Found a transporter.
  6897 | Temple   | Found a transporter.
  6930 | Temple   | Became a worshipper of Makhleb the Destroyer
  6988 | D:7      | Reached skill level 8 in Spellcasting
  7084 | D:7      | Identified the +5 scale mail "Pusubaw" {Rampage}
  7114 | D:6      | Slain by a bullfrog

Illustrated notes

Levels and vault maps discovered:
D:1:      dpeg_arrival_rooms_b, layout_basic, grunt_decor_mini_mirrors,
          minmay_close_crescents
D:2:      layout_rooms, chequers_ecumenical_altar_lobes, basic_altar,
          minmay_gold_behind_fungi
D:3:      layout_rooms, eat_drink_and_be_merry_uskayaw
D:4:      layout_basic, mainiacjoe_overflow_alcove_2, serial_shops,
          nicolae_shop_crystal
D:5:      layout_rooms, trog_book, uniq_sigmund, uniq_grinder
D:6:      layout_loops_ring, worldfamousw_hep_ancestral_shrine, roderic_batcave,
          corexii_leaking_fountain
D:7:      layout_basic, minmay_temple_entry_slanted, serial_shops, shop,
          nicolae_lakefront_shop, nicolae_diamond_shop, fountainhead,
          uniq_crazy_yiuf_cottage, uniq_duvessa
Temple:   hellmonk_temple_divided_pantheon

Skill      XL: |  1  2  3  4  5  6  7  8  9 |
---------------+----------------------------+-----
Maces & Flails | 2 3 |  3.6
Spellcasting   | 3 4 6 8 |  8.2
Fighting       | 3 |  3.6
Armour         | 2 3 |  3.8
Dodging        | 3 |  3.5
Throwing       | |  0.7

Action                     |  1- 3 |  4- 6 |  7- 9 || total
---------------------------+-------+-------+-------++-------
  Melee: Mace              |   158 |    35 |       ||   193
         Punch             |     1 |       |       ||     1
         Morningstar       |       |    18 |       ||    18
         Flail             |       |       |     2 ||     2
   Cast: Scorch            |       |    14 |   121 ||   135
         Call Canine Famil |       |       |    11 ||    11
         Blink             |       |       |     2 ||     2
   Stab: Sleeping          |       |     1 |       ||     1
 Armour: Leather armour    |    47 |    22 |    12 ||    81
  Dodge: Dodged            |   103 |    41 |    54 ||   198

Table legend: (Time is in decaauts)
 A = Elapsed time spent in this place.
 B = Non-inter-level travel time spent in this place.
 C = Inter-level travel time spent in this place.
 D = Time resting spent in this place.
 E = Time spent auto-exploring this place.
 F = Levels seen in this place.
 G = Mean time per level.
                   A        B        C        D        E       F      G
               +--------+--------+--------+--------+--------+-----+--------+
         Total |   7191 |   6861 |    330 |   1454 |   3561 |   8 |  898.9 |
       Dungeon |   7137 |   6833 |    304 |   1454 |   3554 |   7 | 1019.6 |
        Temple |     53 |     27 |     26 |      0 |      7 |   1 |   53.0 |
               +--------+--------+--------+--------+--------+-----+--------+

Top non-repeatable levels by time:
     D:4: 1895 daAuts
     D:6: 1273 daAuts
     D:1: 1107 daAuts
     D:5: 1079 daAuts
     D:3: 841 daAuts
     D:2: 662 daAuts
     D:7: 278 daAuts
  Temple: 53 daAuts
